Map: Void Launch

Players

NamroodTuo

  • Race: Zerg Zerg

TopotePadre

  • Race: Terran Terran
  • Spawn Location: 6:00

VOD

Have the link to the VOD?

Description

Time

  • Played on: Jan. 7, 2023, 8:13 a.m.
  • Length: 23:36
Show
View Real Time Build Order
Export as new Build Order

NamroodTuo Zerg 

Build Orders:  

Get SALT Encoding   

  12  0:05  Infested SCV  
  13  0:19  Overlord  
  13  0:25  Infested SCV  
  14  0:43  Infested SCV  
  14  0:45  Infested SCV  
  16  1:05  Infested Barracks  
  16  1:13  Infested SCV  
  16  1:16  Overlord  
  17  1:22  Infested SCV  
  18  1:38  Infested SCV  
  19  1:47  Infested Refinery  
  19  1:54  Infested Refinery  
  19  1:55  Infested SCV  
  20  2:10  Infested Marine x2  
  22  2:22  Infestation Level 1  
  22  2:24  Infested SCV  
  22  2:26  Infested SCV  
  24  2:43  Infested SCV  
  25  2:59  Infested Engineering Bay  
  25  3:20  Infested Marine x3  
  25  3:21  Infested Marine  
  27  3:51  Infested Marine x3  
  27  3:56  Regenerative Plating  
  30  4:13  Infested Barracks Tech Lab  
  30  4:16  Infested SCV  
  31  4:20  Overlord x2  
  31  4:22  Anaerobic Enhancement, Overlord x2  
  31  4:46  Infested Marine  
  31  4:47  Infested Marine  
  31  4:48  Infested Marine x2  
  31  4:49  Infested Marine x5  
  40  4:50  Infested Marine x2  
  40  4:51  Infested Marine  
  40  4:52  Infested Marine  
  40  4:56  Stukov Infantry Weapons Level 1  
  40  5:04  Retinal Augmentation  
  40  5:15  Infested Marine x3  
  40  5:16  Infested Marine  
  40  5:17  Infested Marine x2  
  41  5:58  Infested Barracks  
  41  5:59  Infestation Level 2  
  41  6:04  Plagued Munitions  
  41  6:07  Infested SCV  
  41  6:08  Infested SCV x3  
  45  6:24  Infested Marine  
  45  6:25  Infested Marine x8  
  41  6:40  Infested Marine  
  41  6:41  Infested Marine x13  
  51  7:22  Infested Marine  
  51  7:23  Infested Marine x7  
  51  7:25  Infested Missile Turret  
  59  7:35  Infested Marine  
  59  7:36  Infested Marine x2  
  59  7:37  Infested Missile Turret  
  62  7:43  Stukov Infantry Armor Level 1  
  62  7:59  Broodling Gestation  
  39  8:28  Infested Marine  
  39  8:29  Infested Marine x10  
  49  8:37  Infested SCV x4  
  49  8:38  Infested SCV  
  54  8:49  Infested Factory  
  44  9:38  Infested Marine  
  44  9:39  Infested Marine x13  
  58  9:44  Overlord  
  58  9:45  Overlord x3  
  54  10:02  Infested Armory  
  47  10:11  Infested Marine  
  47  10:12  Infested Marine x5  
  51  10:23  Stukov Infantry Weapons Level 2  
  51  10:26  Infested Marine x2  
  51  10:27  Infested Marine  
  41  10:46  Unknown  
  34  11:22  Infested Marine  
  34  11:23  Infested Marine x10  
  47  11:42  Infested Bunker  
  51  11:52  Infested Bunker  
  51  12:12  Infested Command Center  
  51  12:30  Infested Marine  
  51  12:31  Infested Marine x8  
  60  12:43  Infested Marine  
  60  12:44  Infested Marine x6  
  53  13:20  Infested Marine  
  53  13:21  Infested Marine x7  
  61  13:33  Calcified Armor  
  61  13:39  Infested Barracks x2  
  59  13:56  Infested Marine  
  59  13:57  Infested Marine x12  
  59  13:58  Infested Marine x11  
  70  14:33  Stukov Infantry Armor Level 2  
  70  14:39  Infested Marine  
  71  14:43  Infested SCV x4  
  71  14:44  Infested SCV  
  79  14:51  Infested Bunker  
  73  15:39  Infested Missile Turret  
  49  16:06  Infested Bunker  
  49  16:09  Infested Refinery  
  57  16:14  Infested Bunker  
  57  16:15  Infested Refinery  
  57  16:24  Overlord  
  57  16:25  Overlord x2  
  57  16:26  Infested SCV  
  57  16:27  Infested SCV  
  59  16:37  Infested Marine  
  59  16:38  Infested Marine x10  
  70  17:07  Infested Marine  
  70  17:08  Infested Marine x16  
  70  17:09  Infested Marine x2  
  88  17:43  Stukov Infantry Weapons Level 3  
  84  18:13  Infested Marine  
  84  18:14  Infested Marine x18  
  84  18:15  Infested Marine x15  
  107  18:25  Infestation Level 3  
  107  18:29  Infested SCV x5  
  112  18:38  Overlord  
  92  18:51  Infested Marine x3  
  92  18:52  Infested Marine x13  
  108  19:27  Infested Marine x2  
  108  19:28  Infested Marine x19  
  94  19:51  Infested Marine x5  
  94  19:52  Infested Marine x19  
  94  19:53  Infested Marine x16  
  94  19:54  Infested Marine, Infested Missile Turret  
  94  19:56  Infested Marine  
  117  20:02  Infested Missile Turret  
  108  20:46  Infested Missile Turret  
  112  20:51  Infested Missile Turret  
  116  21:01  Infested Bunker  
  116  21:05  Infested Bunker  
  116  21:06  Infested Marine x8  
  116  21:07  Infested Marine x10  
  121  21:10  Infested SCV x2  
  121  21:15  Infested SCV  
  121  21:16  Infested SCV  
  125  21:20  Infested SCV  
  90  21:59  Infested Marine x3  
  89  22:00  Infested Marine x15  
  84  22:37  Infested Marine  
  84  22:38  Infested Marine x9  
  84  22:39  Infested Marine x21  
  107  22:40  Infested Marine x2  
  107  22:46  Infested Marine  
  107  22:47  Infested Marine x21  
  107  22:48  Infested Marine x12  
Show
View Real Time Build Order
Export as new Build Order

TopotePadre Terran 

Build Orders:  

Get SALT Encoding   

  12  0:04  SCV  
  13  0:21  SCV  
  14  0:31  Supply Depot  
  14  0:38  SCV  
  15  0:52  Refinery  
  15  1:01  SCV  
  16  1:14  Barracks  
  16  1:18  SCV  
  17  1:35  SCV  
  18  1:42  Engineering Bay  
  18  1:52  SCV  
  19  2:09  SCV  
  20  2:17  Supply Depot  
  20  2:26  SCV  
  21  2:32  Refinery  
  21  2:43  SCV  
  22  2:53  Factory  
  22  2:57  Barracks Tech Lab  
  22  3:00  SCV  
  23  3:17  SCV  
  24  3:34  SCV  
  24  3:35  Marine  
  26  3:48  Marine  
  27  3:57  SCV  
  28  4:00  Marine  
  29  4:13  Marine, Factory Tech Lab  
  29  4:14  SCV  
  31  4:39  Bunker  
  31  4:42  Supply Depot  
  31  5:11  Marine, Siege Tank  
  31  5:12  SCV  
  31  5:14  Supply Depot  
  36  5:30  Missile Turret  
  36  5:34  Siege Tank  
  38  6:58  Supply Depot  
  38  7:08  Starport  
  38  7:15  Marine  
  39  7:28  Marine  
  39  7:29  Terran Infantry Weapons Level 1  
  40  7:33  Supply Depot  
  40  7:37  SCV  
  41  7:40  Marine  
  42  7:53  Marine, SCV  
  44  8:05  Marine  
  45  8:23  Siege Tank  
  45  8:27  Starport Tech Lab  
  48  8:44  Armory  
  48  8:45  Siege Tank  
  48  9:08  Marauder  
  48  9:12  Concussive Shells  
  44  9:23  Marauder  
  45  9:39  Banshee  
  48  9:48  Siege Tank  
  51  10:08  Missile Turret  
  51  10:09  Viking  
  53  10:10  Siege Tank  
  56  10:30  Viking  
  58  10:51  Banshee  
  61  12:03  Terran Infantry Armor Level 1  
  61  12:21  Supply Depot  
  61  12:22  Terran Vehicle and Ship Weapons Level 1  
  61  12:51  Banshee  
  63  14:42  Terran Infantry Weapons Level 2  
  63  14:46  Fusion Core  
  63  14:48  Siege Tank  
  66  15:02  Terran Vehicle And Ship Armor Level 1  
  66  15:05  Supply Depot  
  59  15:10  Siege Tank  
  59  15:15  Marauder  
  60  15:22  Banshee  
  61  15:30  Marauder  
  61  15:32  Siege Tank  
  66  15:45  Marauder  
  68  15:55  Siege Tank  
  58  16:00  Marauder  
  59  16:15  Marauder  
  59  16:17  Siege Tank  
  45  16:41  Banshee  
  45  16:45  Siege Tank  
  33  17:50  Weapon Refit  
  33  18:03  SCV  
  34  18:20  SCV  
  35  18:37  SCV  
  36  18:54  SCV  
  37  19:11  SCV  
  37  19:15  Viking  
  40  19:28  SCV  
  41  19:36  Banshee  
  41  19:45  SCV  
  42  19:52  Missile Turret  
  42  20:06  Banshee  
  45  20:36  Viking  
  45  21:11  Siege Tank  
  45  21:16  Marauder  
  50  21:31  Marauder  
  50  21:34  Siege Tank  
  55  21:46  Marauder  
  57  21:56  Siege Tank  
  60  22:01  Marauder  
  62  22:16  Marauder  
Tags
 
Commander
RaynorStukov
Matchup
Co-op
Replay Pack
Multiplayer
Add a new tag
Caveats
  • Supply blocks, unpowered buildings, or Contaminate may cause inaccurate times.
  • Supply counts are checked every 10 seconds.